 Dungeon Sprint DCSS version 0.30.1-4-g462c640d31 (webtiles) character file.

Game seed: 5821310328386632372

32746 Heoruswealwe the Wrestler (level 13, -32/146 HPs)
             Began as a Troll Berserker on Sept 8, 2023.
             Was a Priest of Trog.
             Annihilated by Tiamat
             ... wielding a +1 glaive of distortion
              (39 damage)
             ... in the Dungeon (Sprint I: "Red Sonja").
             The game lasted 01:21:00 (3424 turns).

Heoruswealwe the Wrestler (Troll Berserker)         Turns: 3424, Time: 01:21:01

Health: -32/146    AC: 26    Str: 40    XL:     13   Next: 33%
Magic:  23/23      EV:  7    Int:  3    God:    Trog [***...]
Gold:   1498       SH:  0    Dex:  9    Spells: 12/12 levels left

rFire   + +          .
                       - Unarmed
rCold   + + .        (no shield)
rNeg    + . .        a - +10 gold dragon scales "Juejoiza" {rPois rF+ rC+ Int+5}
rPois   +            c - +2 hat
rElec   .            d - scarf {rC+ rF+}
rCorr   .            (gloves unavailable)
SInv    .            (boots unavailable)
Will    .....        e - amulet of the acrobat Stlth
                     g - ring "Gocaikax" {AC+4 Str+8 Int-5}
HPRegen 1.24/turn    f - ring of positive energy
MPRegen 0.18/turn

%: no teleportation, acrobat
@: corroded, on berserk cooldown, slowed, very slow
A: large, unfitting armour, claws 3, regeneration 1, shaggy fur 1, tough skin 1
a: Renounce Religion, Berserk, Trog's Hand


You were in the Dungeon.
You worshipped Trog.
Trog was most pleased with you.
You visited 1 branch You collected 7160 gold pieces.
You spent 5662 gold pieces at shops.

Inventory:

Hand Weapons
 u - a +4 heavy halberd
Armour
 a - the +10 gold dragon scales "Juejoiza" (worn) {rPois rF+ rC+ Int+5}
   (You found it in the Dungeon)

   Int:       It affects your intelligence (+5).
   rF:        It protects you from fire.
   rC:        It protects you from cold.
   rPois:     It protects you from poison.
 b - a +0 tower shield
 c - a +2 hat (worn)
 d - a scarf of resistance (worn)
Jewellery
 e - an amulet of the acrobat (around neck)
 f - a ring of positive energy (right claw)
 g - the ring "Gocaikax" (left claw) {AC+4 Str+8 Int-5}
   (You bought it in a shop in the Dungeon)

   [ring of protection]

   AC:        It affects your AC (+4).
   Str:       It affects your strength (+8).
   Int:       It affects your intelligence (-5).
 k - a ring of see invisible
 q - a ring of flight
 r - a ring of resist corrosion
 x - a ring of protection from fire
 z - a +4 ring of slaying
Wands
 l - a wand of polymorph (6)
 t - a wand of roots (11)
Scrolls
 j - 16 scrolls of identify
Potions
 i - 6 potions of curing
 n - 4 potions of cancellation
 o - a potion of resistance
 p - 2 potions of mutation
 s - 2 potions of haste
Miscellaneous
 v - a lightning rod (4/4)
 y - a phial of floods


   Skills:
 + Level 14.2 Fighting
 + Level 14.2 Dodging
 * Level 22.6 Unarmed Combat
 + Level 15.1 Invocations


You had 12 spell levels left.
You didn't know any spells.
Your spell library was empty.

Dungeon Overview and Level Annotations

Branches:
Dungeon (1/1)

Altars:
Cheibriados
Dithmenos
Elyvilon
Fedhas
Gozag
Hepliaklqana
Kikubaaqudgha
Makhleb
Nemelex Xobeh
Okawaru
Qazlal
Ru
Sif Muna
Trog
Uskayaw
Vehumet
Wu Jian
Xom
Yredelemnul
Zin
The Shining One
Jiyva
Lugonu

Shops:
D =?*[[=:![?*?*:!!*:?[[(

Annotations:
D Tiamat


Innate Abilities, Weirdness & Mutations

You are too large for most types of armour.
You have claws for hands.
Your natural rate of healing is unusually fast.
You are covered in fur. (AC +1)
You have tough skin. (AC +1)


Message History

You closely miss Tiamat. You eviscerate Tiamat!!!
Tiamat is lightly wounded.
You eviscerate Tiamat!!!
Tiamat is moderately wounded.
Tiamat hits you with a +1 glaive of distortion!!
Tiamat tail-slaps you but does no damage.
You eviscerate Tiamat!!!
Tiamat is moderately wounded.
You barely miss Tiamat. You claw Tiamat!
Tiamat is moderately wounded.
Tiamat hits you but does no damage. Space warps around you.
Tiamat tail-slaps you!!
You mangle Tiamat!!
Tiamat is moderately wounded.
You eviscerate Tiamat!!!
Tiamat is heavily wounded.
You mangle Tiamat!!
Tiamat is severely wounded.
Tiamat hits you with a +1 glaive of distortion!!
Tiamat tail-slaps you but does no damage.
You eviscerate Tiamat!!!!
Tiamat is almost dead.
You closely miss Tiamat.
Tiamat is almost dead.
You are no longer berserk.
You are exhausted.
You feel yourself slow down.
Tiamat hits you with a +1 glaive of distortion!!!
* * * LOW HITPOINT WARNING * * *
Space warps horribly around you!
* * * LOW HITPOINT WARNING * * *
Tiamat barely misses you.
Okay, then.
You eviscerate Tiamat!!! You claw Tiamat!
Tiamat is almost dead.
You scratch Tiamat but do no damage. Your claw misses Tiamat.
Tiamat is almost dead.
Tiamat hits you with a +1 glaive of distortion!!!
You die...

#.#...)))..+§####....°○...#.#.').
..#''.######§#.?'○...○.####'#.##'
..#........#.#####...###.)).#.#~~
###.......#+§#!..#####...####)#~~
??????!?!~####.........###^.^.#~~
?!!.....~~##[[[....#####^°°.####~
......~~~###!)....##°°..^°.°#..#'
#..~~~~### #[....##.°.°.°.°°#...#
'######'####....@#....°°.°.°#....
########∩∩######d#####°.°^°°#....
∩∩∩∩∩∩∩∩∩###≈≈≈≈≈≈≈d.#°^^..°#####
########## #####.#####..^°.°+.)#.
#..0..+.^...^...°#).':
######################


You could see Tiamat.

Vanquished Creatures
  Lom Lobon (D)
  the Lernaean hydra (D)
  A golden dragon (D)
  A deep elf master archer (D)
  A shadow dragon (D)
  A daeva (D)
  4 fire giants (D)
  A lorocyproca (D)
  A deep elf annihilator (D)
  A mummy priest (D)
  A hydra (D)
  2 centaur warriors (D)
  Sonja (D)
  A deep troll (D)
  A lindwurm (D)
  2 oklob plants (D)
  2 merfolk sirens (D)
  A gargoyle (D)
  4 demonic crawlers (D)
  2 kobold demonologists (D)
  7 unseen horrors (D)
  A hellwing (D)
  A meliai (D)
  4 hornets (D)
  A slime creature (D)
  Sigmund (D)
  A yak (D)
  13 hogs (D)
  2 redbacks (D)
  3 floating eyes (D)
  An ogre (D)
  7 necrophages (D)
  8 jellies (D)
  Ijyb (D)
81 creatures vanquished.

Vanquished Creatures (collateral kills)
  8 shining eyes (D)
  A gargoyle (D)
  4 floating eyes (D)
13 creatures vanquished.

Vanquished Creatures (others)
  A hornet (D)
  2 ballistomycete spores (D)
3 creatures vanquished.

Grand Total: 97 creatures vanquished

Notes
Turn   | Place    | Note
-------+----------+-------------------------------------------
     0 | D        | Heoruswealwe the Troll Berserker began the quest for the
                  | Orb.
     0 | D        | Reached XP level 1. HP: 22/22 MP: 0/0
     1 | D        | Noticed Ijyb
     6 | D        | Killed Ijyb
     7 | D        | Reached skill level 4 in Unarmed Combat
     7 | D        | Reached XP level 2. HP: 26/31 MP: 0/2
    30 | D        | Noticed an ogre
    36 | D        | Killed an ogre
    37 | D        | Reached skill level 6 in Unarmed Combat
    37 | D        | Reached XP level 3. HP: 22/39 MP: 2/4
    37 | D        | Reached XP level 4. HP: 27/48 MP: 2/5
    57 | D        | Noticed Sigmund
    65 | D        | Killed Sigmund
    65 | D        | Reached ** piety under Trog
    66 | D        | Reached skill level 5 in Fighting
    66 | D        | Reached skill level 5 in Dodging
    66 | D        | Reached skill level 8 in Unarmed Combat
    66 | D        | Reached XP level 5. HP: 43/57 MP: 4/7
    66 | D        | Reached XP level 6. HP: 50/66 MP: 4/8
    89 | D        | Found an ornate altar of the Wu Jian Council.
    89 | D        | Found a shimmering blue altar of Sif Muna.
    91 | D        | Found a radiant altar of Vehumet.
    96 | D        | Reached skill level 5 in Invocations
   121 | D        | Found Qicib's Antique Armour Emporium.
   121 | D        | Found an ancient bone altar of Kikubaaqudgha.
   121 | D        | Found a hazy altar of Hepliaklqana.
   121 | D        | Found a stormy altar of Qazlal.
   121 | D        | Found a hide-covered altar of Uskayaw.
   121 | D        | Found a blossoming altar of Fedhas.
   121 | D        | Found a bloodstained altar of Trog.
   121 | D        | Found an iron altar of Okawaru.
   121 | D        | Found a basalt altar of Yredelemnul.
   121 | D        | Found a glowing golden altar of the Shining One.
   121 | D        | Found a snail-covered altar of Cheibriados.
   121 | D        | Found a sacrificial altar of Ru.
   121 | D        | Found a glowing silver altar of Zin.
   121 | D        | Found a shadowy altar of Dithmenos.
   121 | D        | Found a white marble altar of Elyvilon.
   121 | D        | Noticed a yak
   129 | D        | Killed a yak
   130 | D        | Reached skill level 9 in Unarmed Combat
   130 | D        | Found an opulent altar of Gozag.
   131 | D        | Found a sparkling altar of Nemelex Xobeh.
   135 | D        | Bought a smoking cloak for 228 gold pieces
   135 | D        | Identified the +2 cloak of Huoxael {Dex+4} (You bought it
                  | in a shop in the Dungeon)
   135 | D        | Bought a hat for 96 gold pieces
   157 | D        | Found a burning altar of Makhleb.
   157 | D        | Found a viscous altar of Jiyva.
   157 | D        | Found a shimmering altar of Xom.
   157 | D        | Found a corrupted altar of Lugonu.
   157 | D        | Noticed a slime creature
   164 | D        | Killed a slime creature
   164 | D        | Reached *** piety under Trog
   165 | D        | Reached skill level 10 in Unarmed Combat
   165 | D        | Reached XP level 7. HP: 62/76 MP: 10/10
   198 | D        | Noticed a centaur warrior
   199 | D        | Noticed a centaur warrior
   206 | D        | Killed a centaur warrior
   207 | D        | Reached skill level 11 in Unarmed Combat
   207 | D        | Reached XP level 8. HP: 52/87 MP: 10/12
   209 | D        | Killed a centaur warrior
   210 | D        | Reached skill level 12 in Unarmed Combat
   291 | D        | Noticed a hornet
   293 | D        | Killed a hornet
   294 | D        | Reached skill level 13 in Unarmed Combat
   294 | D        | Reached XP level 9. HP: 84/96 MP: 14/14
   308 | D        | Noticed an oklob plant
   313 | D        | Killed an oklob plant
   313 | D        | Reached **** piety under Trog
   328 | D        | Reached skill level 14 in Unarmed Combat
   340 | D        | Paralysed by a floating eye for 4 turns
   347 | D        | Reached ***** piety under Trog
   385 | D        | Killed an unseen horror
   385 | D        | Received a gift from Trog
   387 | D        | Killed an unseen horror
   477 | D        | Received a gift from Trog
   481 | D        | Reached skill level 15 in Unarmed Combat
   502 | D        | Reached XP level 10. HP: 107/107 MP: 16/16
   512 | D        | Identified the +10 gold dragon scales "Juejoiza" {rPois rF+
                  | rC+ Int+5}
   532 | D        | Noticed a deep troll
   540 | D        | Killed a deep troll
   540 | D        | Reached ****** piety under Trog
   541 | D        | Reached skill level 10 in Invocations
   554 | D        | Found Gecrioje's Armour Emporium.
   567 | D        | Noticed Sonja
   586 | D        | Killed Sonja
   737 | D        | Found Plog's Jewellery Boutique.
   756 | D        | Noticed a shining eye
   756 | D        | Noticed a shining eye
   756 | D        | Noticed a shining eye
   757 | D        | Received a gift from Trog
   764 | D        | Killed a shining eye
   764 | D        | Paralysed by a floating eye for 3 turns
   765 | D        | Reached skill level 10 in Fighting
   765 | D        | Reached skill level 10 in Dodging
   765 | D        | Reached skill level 16 in Unarmed Combat
   768 | D        | Killed a shining eye
   770 | D        | Killed a shining eye
   771 | D        | Noticed a shining eye
   771 | D        | Noticed a shining eye
   774 | D        | Killed a shining eye
   778 | D        | Killed a shining eye
   783 | D        | Noticed a shining eye
   792 | D        | Killed a shining eye
   793 | D        | Reached skill level 17 in Unarmed Combat
   796 | D        | Noticed a shining eye
   796 | D        | Noticed a shining eye
   805 | D        | Killed a shining eye
   805 | D        | Received a gift from Trog
   806 | D        | Reached XP level 11. HP: 119/119 MP: 18/18
   812 | D        | Killed a shining eye
   858 | D        | Found Zaox Sim's Armour Shop.
   858 | D        | Found Poit's Assorted Antiques.
   858 | D        | Found Elostosy's Jewellery Boutique.
   859 | D        | Found Unatteow's Magic Scroll Shoppe.
   864 | D        | Bought a scroll labelled CAR FUNEUNIVI for 17 gold pieces
   864 | D        | Bought 2 yellow potions for 30 gold pieces
   864 | D        | Bought a scroll labelled CAR FUNEUNIVI for 17 gold pieces
   864 | D        | Bought a scroll labelled JAILAMUHEUMP for 17 gold pieces
   864 | D        | Bought a scroll labelled XUCODE RO SEUTH for 17 gold pieces
   864 | D        | Bought a potion of heal wounds for 85 gold pieces
   864 | D        | Bought a scroll labelled XELEJU GU ATRYFYRE for 17 gold
                  | pieces
   916 | D        | Found Nesaneul's Book Boutique.
   916 | D        | Found Fufyupel's Armour Emporium.
   916 | D        | Found Tisiet's Magic Scroll Emporium.
   918 | D        | Found Senlol's Assorted Antiques.
   918 | D        | Found Raneot's Distillery.
   918 | D        | Found Piaqyo Jibb's Distillery.
   918 | D        | Found Odius's Book Emporium.
   918 | D        | Found Paepaatz's Assorted Antiques.
   918 | D        | Found Zydoczim's Magic Scroll Shoppe.
   918 | D        | Found Battap's General Store.
   922 | D        | Found Nuhaunor's Magic Scroll Emporium.
   923 | D        | Bought a bubbling blue potion for 23 gold pieces
   923 | D        | Bought a scroll labelled OMABLO ZECIGIF for 26 gold pieces
   923 | D        | Bought a scroll labelled CAR FUNEUNIVI for 26 gold pieces
   923 | D        | Bought a scroll labelled CAR FUNEUNIVI for 26 gold pieces
   923 | D        | Found Fotungae's Armour Boutique.
   923 | D        | Found Foapt's Distillery.
   924 | D        | Found Puzolira's Book Shop.
   927 | D        | Bought a scroll labelled ZASMIF CODAARR for 22 gold pieces
   927 | D        | Bought a bubbling blue potion for 19 gold pieces
   927 | D        | Bought a scroll labelled BUSAMO SEOM for 22 gold pieces
   927 | D        | Bought a scroll labelled CAR FUNEUNIVI for 22 gold pieces
   943 | D        | Bought a scroll of acquirement for 520 gold pieces
   943 | D        | Bought a scroll of identify for 20 gold pieces
   943 | D        | Bought a scroll of identify for 20 gold pieces
   943 | D        | Bought a scroll of identify for 20 gold pieces
   943 | D        | Bought a scroll of identify for 20 gold pieces
   985 | D        | Acquired 507 gold pieces
   995 | D        | Bought a scroll of poison for 40 gold pieces
   997 | D        | Bought a potion of heal wounds for 55 gold pieces
   997 | D        | Bought a potion of attraction for 33 gold pieces
   997 | D        | Bought a potion of curing for 33 gold pieces
   997 | D        | Bought a potion of lignification for 33 gold pieces
   997 | D        | Bought a potion of berserk rage for 55 gold pieces
   997 | D        | Bought 2 potions of cancellation for 176 gold pieces
   997 | D        | Bought a potion of heal wounds for 55 gold pieces
   998 | D        | Bought a potion of curing for 36 gold pieces
   998 | D        | Bought a potion of curing for 36 gold pieces
   998 | D        | Bought a potion of heal wounds for 60 gold pieces
   998 | D        | Bought a potion of haste for 120 gold pieces
   998 | D        | Bought a potion of curing for 36 gold pieces
   998 | D        | Bought a potion of resistance for 120 gold pieces
  1001 | D        | Bought a scroll of identify for 20 gold pieces
  1001 | D        | Bought a scroll of identify for 20 gold pieces
  1173 | D        | Reached skill level 18 in Unarmed Combat
  1194 | D        | Noticed a lindwurm
  1199 | D        | Killed a lindwurm
  1199 | D        | Received a gift from Trog
  1226 | D        | Received a gift from Trog
  1264 | D        | Noticed a 12-headed hydra
  1267 | D        | Killed a 15-headed hydra
  1384 | D        | Noticed a shadow dragon
  1384 | D        | Noticed a golden dragon
  1400 | D        | Killed a golden dragon
  1400 | D        | Received a gift from Trog
  1401 | D        | Reached skill level 19 in Unarmed Combat
  1407 | D        | Killed a shadow dragon
  1408 | D        | Reached XP level 12. HP: 96/132 MP: 20/20
  1482 | D        | Found Ocre Goy's Antique Weapon Shoppe.
  1602 | D        | Bought a ring of see invisible for 180 gold pieces
  1636 | D        | Bought 2 scrolls of immolation for 80 gold pieces
  1637 | D        | Bought a ring of protection from fire for 250 gold pieces
  1638 | D        | Bought a scroll of identify for 26 gold pieces
  1638 | D        | Bought a scroll of enchant armour for 97 gold pieces
  1638 | D        | Bought a scroll of enchant armour for 97 gold pieces
  1641 | D        | Bought a potion of heal wounds for 50 gold pieces
  1641 | D        | Bought a potion of haste for 100 gold pieces
  1641 | D        | Bought a potion of curing for 30 gold pieces
  1641 | D        | Bought a potion of heal wounds for 50 gold pieces
  1641 | D        | Bought a potion of haste for 100 gold pieces
  1641 | D        | Bought a potion of degeneration for 10 gold pieces
  1723 | D        | Noticed a lorocyproca
  1737 | D        | Killed a lorocyproca
  1991 | D        | Bought a scroll of identify for 26 gold pieces
  1991 | D        | Bought a scroll of identify for 26 gold pieces
  1991 | D        | Bought a scroll of identify for 26 gold pieces
  1991 | D        | Bought a scroll of identify for 26 gold pieces
  1991 | D        | Bought a scroll of identify for 26 gold pieces
  1991 | D        | Bought a scroll of identify for 26 gold pieces
  1991 | D        | Bought a scroll of identify for 26 gold pieces
  1991 | D        | Bought a scroll of identify for 26 gold pieces
  2009 | D        | Bought the ring "Gocaikax" {AC+4 Str+8 Int-5} for 690 gold
                  | pieces
  2009 | D        | Bought a ring of positive energy for 280 gold pieces
  2023 | D        | Bought a ring of resist corrosion for 240 gold pieces
  2072 | D        | Noticed a daeva
  2081 | D        | Reached skill level 20 in Unarmed Combat
  2091 | D        | Received a gift from Trog
  2145 | D        | Killed a daeva
  2224 | D        | Noticed a fire giant
  2225 | D        | Noticed a fire giant
  2227 | D        | Noticed a fire giant
  2234 | D        | Killed a fire giant
  2241 | D        | Killed a fire giant
  2241 | D        | Received a gift from Trog
  2248 | D        | Noticed a fire giant
  2249 | D        | Killed a fire giant
  2259 | D        | Killed a fire giant
  2260 | D        | Reached skill level 21 in Unarmed Combat
  2345 | D        | Found the +4 dragonskin cloak
  2345 | D        | Noticed Tiamat
  2410 | D        | Noticed a deep elf annihilator
  2417 | D        | Received a gift from Trog
  2500 | D        | Killed a deep elf annihilator
  2500 | D        | Received a gift from Trog
  2553 | D        | Noticed a mummy priest
  2556 | D        | Noticed the 27-headed Lernaean hydra
  2581 | D        | Killed the 27-headed Lernaean hydra
  2594 | D        | Noticed a jiangshi
  2875 | D        | Reached XP level 13. HP: 120/145 MP: 22/22
  2892 | D        | Noticed Lom Lobon
  2919 | D        | Killed Lom Lobon
  2920 | D        | Reached skill level 22 in Unarmed Combat
  2930 | D        | Noticed a deep elf master archer
  2936 | D        | Killed a deep elf master archer
  2937 | D        | Reached skill level 15 in Invocations
  3069 | D        | Identified the +6 short sword "Niedwewu" {freeze, *Rage
                  | rCorr Str-5 SInv}
  3070 | D        | Identified the +4 arbalest of the Maze {speed, rC+ Str-5
                  | Int+5}
  3144 | D        | Killed a mummy priest
  3216 | D        | Bought a +4 ring of slaying for 936 gold pieces
  3422 | D        | HP: 5/146 [Tiamat/+1 glaive of distortion (10)]
  3424 | D        | Annihilated by Tiamat

Illustrated notes

Levels and vault maps discovered:
D:        dungeon_sprint_1 [red_sonja_temple_1, red_sonja_temple_small_1]

Skill      XL: |  1  2  3  4  5  6  7  8  9 10 11 12 13 |
---------------+----------------------------------------+-----
Fighting       | 3 4 5 6 7 8 9 10 12 13 14 | 14.2
Dodging        | 3 4 5 6 7 8 9 10 12 13 14 | 14.2
Unarmed Combat | 4 6 8 10 11 13 15 17 19 21 22 | 22.6
Invocations    | 2 3 4 6 7 8 9 11 13 14 15 | 15.1

Action                     |  1- 3 |  4- 6 |  7- 9 | 10-12 | 13-15 || total
---------------------------+-------+-------+-------+-------+-------++-------
  Melee: Unarmed           |     9 |    23 |    52 |   187 |    37 ||   308
         Punch             |       |     2 |     3 |    14 |     3 ||    22
         Halberd           |       |       |       |     3 |       ||     3
 Invoke: Brothers in Arms  |       |       |       |     5 |     3 ||     8
         Berserk           |       |       |       |     5 |     2 ||     7
  Evoke: Wand              |     1 |       |       |     3 |     1 ||     5
    Use: Potion            |       |       |     1 |     9 |     6 ||    16
         Scroll            |       |       |       |    13 |     1 ||    14
 Armour: Animal skin       |       |     1 |       |       |       ||     1
         Robe              |       |       |    15 |       |       ||    15
         Gold dragon scale |       |       |       |   170 |     7 ||   177
  Dodge: Dodged            |     2 |     8 |    12 |    49 |     5 ||    76
